[Event "FIDE Grand Swiss 2023"]
[Site "Villa Marina, Douglas, Isle of Man, Isle Of Man"]
[Date "2023.11.05"]
[Round "11.1"]
[White "Erigaisi, Arjun"]
[Black "Nakamura, Hikaru"]
[Result "1/2-1/2"]
[TimeControl "40/90 + 30 + 30s/move"]
[WhiteFideId "35009192"]
[BlackFideId "2016192"]
[WhiteElo "2712"]
[BlackElo "2780"]

1. e4 c5 2. Nf3 Nc6 3. d4 cxd4 4. Nxd4 e5 5. Nb5 d6 6. N1a3 a6 7. Nc3 Be6 8. Nc4 Nf6 9. a4 Rc8 10.
Bg5 Nb4 11. Ne3 Be7 12. Be2 Ng4 13. Bxg4 Bxg5 14. Bxe6 fxe6 15. Qg4 Qf6 16. O-O O-O 17. Rad1 Qe7 18. Qe2 Nc6 19. Qd3 Nd4 20.
Ne2 Bxe3 21. fxe3 Rxf1+ 22. Rxf1 Nc6 23. Qd2 Rd8 24. Qc3 Qc7 25. Rd1 Qb6 26. Rd3 Qb4 27. Qxb4 Nxb4 28. Rc3 Nc6 29.
Nc1 Kf8 30. Nd3 Ke8 31. b4 Rc8 32. a5 Kd7 33. Kf1 Rb8 34. Ke2 b6 35. axb6 Rxb6 36. Rb3 d5 37. c3 Kd6 38. Ra3 a5 39. bxa5 1/2-1/2

[Event "FIDE Grand Swiss 2023"]
[Site "Villa Marina, Douglas, Isle of Man, Isle Of Man"]
[Date "2023.11.05"]
[Round "11.2"]
[White "Vidit, Santosh Gujrathi"]
[Black "Predke, Alexandr"]
[Result "1-0"]
[TimeControl "40/90 + 30 + 30s/move"]
[WhiteFideId "5029465"]
[BlackFideId "24107581"]
[WhiteElo "2716"]
[BlackElo "2656"]

1. d4 d5 2. c4 dxc4 3. Nf3 Nf6 4. e3 e6 5. Bxc4 a6 6. O-O c5 7. dxc5 Bxc5 8. Qxd8+ Kxd8 9. Be2 Ke7 10.
Nbd2 Bd7 11. Nb3 Bb6 12. Bd2 Nc6 13. Bc3 Rhg8 14. Rfd1 Rad8 15. Rac1 g5 16. Nfd4 Nxd4 17. Bb4+ Ke8 18.
Nxd4 g4 19. Nb3 Rg5 20. Nc5 Bc6 21. Nxa6 Nd7 22. Bf1 Ra8 23. Bd6 Ba4 24. Bf4 Ra5 25. Nc7+ Bxc7 26. Bxc7 Bxd1 27. Bxa5 Rxa5 28.
Rxd1 Ne5 29. a4 Rc5 30. Rd4 Rc1 31. Rb4 Rb1 32. f4 gxf3 33. gxf3 Nxf3+ 34. Kg2 Nd2 35. Bd3 Re1 36. Kf2 Rh1 37.
Kg2 Re1 38. Rxb7 Rxe3 39. Bb5+ Kf8 40. a5 Re5 41. a6 Rg5+ 42. Kf2 Ne4+ 43. Ke3 Nd6 44. a7 Re5+ 45. Kf3 Rf5+ 46. Kg2 Rg5+ 47.
Kh1 1-0

[Event "FIDE Grand Swiss 2023"]
[Site "Villa Marina, Douglas, Isle of Man, Isle Of Man"]
[Date "2023.11.05"]
[Round "11.3"]
[White "Giri, Anish"]
[Black "Esipenko, Andrey"]
[Result "1-0"]
[TimeControl "40/90 + 30 + 30s/move"]
[WhiteFideId "24116068"]
[BlackFideId "24175439"]
[WhiteElo "2760"]
[BlackElo "2683"]

1. d4 d5 2. c4 e6 3. Nc3 Be7 4. cxd5 exd5 5. Bf4 Nf6 6. e3 Bf5 7. Nge2 O-O 8. Rc1 c5 9. dxc5 Bxc5 10.
Nxd5 Nxd5 11. Rxc5 Be6 12. Nc3 Nxf4 13. Qxd8 Rxd8 14. exf4 Nd7 15. Rc7 Nf6 16. f3 h5 17. Rxb7 Rd4 18.
Be2 a5 19. Kf2 Rb4 20. Rb5 Bd7 21. a3 Bxb5 22. axb4 Bxe2 23. Nxe2 axb4 24. Rd1 Rc8 25. Rd4 Rc2 26. Rxb4 Nd5 27.
Rb8+ Kh7 28. g3 h4 29. Rb5 Nc7 30. Rb7 f5 31. Ke3 Ne6 32. g4 Kg8 33. gxf5 1-0

[Event "FIDE Grand Swiss 2023"]
[Site "Villa Marina, Douglas, Isle of Man, Isle Of Man"]
[Date "2023.11.05"]
[Round "11.4"]
[White "Caruana, Fabiano"]
[Black "Keymer, Vincent"]
[Result "1/2-1/2"]
[TimeControl "40/90 + 30 + 30s/move"]
[WhiteFideId "2020009"]
[BlackFideId "12940690"]
[WhiteElo "2786"]
[BlackElo "2717"]

1. d4 Nf6 2. c4 e6 3. Nc3 Bb4 4. g3 Bxc3+ 5. bxc3 d6 6. Bg2 Nc6 7. Nf3 O-O 8. Bg5 e5 9. h3 Bf5 10.
g4 Be4 11. O-O Kh8 12. e3 Qe7 13. Nh4 h6 14. Bxf6 Qxf6 15. Bxe4 Qxh4 16. Rb1 Rae8 17. Qf3 f5 18. gxf5 exd4 19.
Bxc6 bxc6 20. cxd4 Qg5+ 21. Kh2 Qxf5 22. Qxf5 Rxf5 23. Rb7 c5 24. Rxc7 cxd4 25. exd4 Re2 26. Rxa7 Rc2 27. Ra4 Rf4 28.
d5 Rfxc4 29. Rxc4 Rxc4 30. Ra1 Ra4 31. Kg3 Kh7 32. h4 Kg6 33. Re1 Rxa2 34. Re6+ Kf5 35. Rxd6 Rd2 36. Rd8 Rd3+ 37.
f3 g5 38. d6 gxh4+ 39. Kxh4 Ke6 40. f4 Rxd6 41. f5+ Ke5 42. Rxd6 Kxd6 43. Kh5 Ke7 44. Kg6 Kf8 45. Kxh6 Kf7 46.
f6 Kxf6 1/2-1/2

[Event "FIDE Grand Swiss 2023"]
[Site "Villa Marina, Douglas, Isle of Man, Isle Of Man"]
[Date "2023.11.05"]
[Round "11.5"]
[White "Maghsoodloo, Parham"]
[Black "Vitiugov, Nikita"]
[Result "1-0"]
[TimeControl "40/90 + 30 + 30s/move"]
[WhiteFideId "12539929"]
[BlackFideId "4152956"]
[WhiteElo "2707"]
[BlackElo "2711"]

1. d4 Nf6 2. c4 e6 3. Nc3 Bb4 4. e3 c5 5. Nf3 Nc6 6. Bd3 Bxc3+ 7. bxc3 d6 8. e4 e5 9. d5 Ne7 10.
Nd2 Bd7 11. Nf1 Qa5 12. Bd2 O-O-O 13. h4 h5 14. Rb1 Kb8 15. Qb3 Qc7 16. Ng3 Rdf8 17. Qd1 Bc8 18. Bg5 Ng4 19. Be2 f6 20.
Bd2 g6 21. O-O f5 22. f4 fxe4 23. Bxg4 Bxg4 24. Qb3 e3 25. Bxe3 Nf5 26. Nxf5 Rxf5 27. fxe5 Rxe5 28. Bg5 Rhe8 29.
Rf6 Bf5 30. Bf4 Bxb1 31. Bxe5 dxe5 32. Qxb1 e4 33. d6 Qg7 34. Qf1 Qh6 35. Rf7 Qe3+ 36. Kh2 Qd2 37. Qf6 1-0

[Event "FIDE Grand Swiss 2023"]
[Site "Villa Marina, Douglas, Isle of Man, Isle Of Man"]
[Date "2023.11.05"]
[Round "11.6"]
[White "Praggnanandhaa, R"]
[Black "Deac, Bogdan-Daniel"]
[Result "1-0"]
[TimeControl "40/90 + 30 + 30s/move"]
[WhiteFideId "25059530"]
[BlackFideId "1226380"]
[WhiteElo "2738"]
[BlackElo "2701"]

1. e4 e5 2. Nf3 Nc6 3. Bb5 Nf6 4. d3 Bc5 5. Bg5 h6 6. Bh4 d6 7. Nc3 Bd7 8. Na4 Bb6 9. c3 Ne7 10.
Bxf6 gxf6 11. Bxd7+ Qxd7 12. O-O Rg8 13. Ne1 f5 14. Kh1 fxe4 15. dxe4 Qg4 16. Qxg4 Rxg4 17. f3 Rg7 18. Nd3 Kd7 19.
Rad1 Ng6 20. b4 Ke6 21. Nab2 a6 22. a4 f6 23. Nc4 Ba7 24. Na5 Rb8 25. Rd2 f5 26. c4 Bb6 27. Nb3 Be3 28.
exf5+ Kxf5 29. Re2 Bg5 30. f4 exf4 31. Nd4+ Kg4 32. h3+ Kh5 33. Nf5 Rgg8 34. g4+ fxg3 35. Nxg3+ Kh4 36. Re4+ Kxh3 37.
Nf5 1-0

[Event "FIDE Grand Swiss 2023"]
[Site "Villa Marina, Douglas, Isle of Man, Isle Of Man"]
[Date "2023.11.05"]
[Round "11.7"]
[White "Bacrot, Etienne"]
[Black "Aronian, Levon"]
[Result "1/2-1/2"]
[TimeControl "40/90 + 30 + 30s/move"]
[WhiteFideId "605506"]
[BlackFideId "13300474"]
[WhiteElo "2669"]
[BlackElo "2742"]

1. e4 e5 2. Nf3 Nc6 3. Nc3 Nf6 4. Bb5 Nd4 5. Nxd4 exd4 6. e5 dxc3 7. exf6 Qxf6 8. dxc3 Bc5 9. Qe2+ Qe7 10.
Bf4 c6 11. Bd3 d5 12. c4 Qxe2+ 13. Kxe2 dxc4 14. Bxc4 Bf5 15. Rhd1 Bxc2 16. Rdc1 Bg6 17. Bxf7+ Bxf7 18. Rxc5 O-O 19.
Be3 Rfd8 20. a3 Rd5 21. Rxd5 Bxd5 22. f3 Bb3 23. Kd2 a5 24. Re1 Re8 25. Bd4 Rxe1 26. Kxe1 Kf7 27. Kd2 a4 28.
Ke3 g5 29. Bb6 Bc4 30. Bd4 b5 31. f4 1/2-1/2

[Event "FIDE Grand Swiss 2023"]
[Site "Villa Marina, Douglas, Isle of Man, Isle Of Man"]
[Date "2023.11.05"]
[Round "11.8"]
[White "Cheparinov, Ivan"]
[Black "Vachier-Lagrave, Maxime"]
[Result "1/2-1/2"]
[TimeControl "40/90 + 30 + 30s/move"]
[WhiteFideId "2905540"]
[BlackFideId "623539"]
[WhiteElo "2658"]
[BlackElo "2727"]

1. d4 d5 2. c4 dxc4 3. e4 b5 4. a4 c6 5. axb5 cxb5 6. Nc3 Qb6 7. b3 e6 8. bxc4 Bb4 9. Bd2 bxc4 10.
Bxc4 Ne7 11. Nf3 O-O 12. Na4 Qa5 13. O-O Bxd2 14. Qxd2 Qxd2 15. Nxd2 Ba6 16. Bxa6 Nxa6 17. Rfc1 Rfd8 18.
Rc4 Rac8 19. Nb2 Rxc4 20. Nbxc4 Nb4 21. Rxa7 Nbc6 22. Ra6 Nxd4 23. Rd6 Rxd6 24. Nxd6 Kf8 25. f3 Nec6 26. Kf2 Ke7 27.
N6c4 f6 28. Ke3 Nc2+ 29. Ke2 N2d4+ 30. Ke3 Nc2+ 1/2-1/2

[Event "FIDE Grand Swiss 2023"]
[Site "Villa Marina, Douglas, Isle of Man, Isle Of Man"]
[Date "2023.11.05"]
[Round "11.9"]
[White "Duda, Jan-Krzysztof"]
[Black "Korobov, Anton"]
[Result "1-0"]
[TimeControl "40/90 + 30 + 30s/move"]
[WhiteFideId "1170546"]
[BlackFideId "14105730"]
[WhiteElo "2726"]
[BlackElo "2658"]

1. d4 d5 2. c4 c6 3. Nf3 Nf6 4. Nc3 e6 5. Bg5 Nbd7 6. e3 Qa5 7. cxd5 exd5 8. Bd3 Ne4 9. O-O Nxg5 10.
Nxg5 Nf6 11. f4 Bd6 12. Qc2 h6 13. Nf3 O-O 14. Ne5 Be6 15. a3 Rac8 16. Na4 c5 17. Nxc5 Bxc5 18. dxc5 Rxc5 19.
Qb3 d4 20. Qxb7 Qd2 21. Qb4 Qxe3+ 22. Kh1 Rxe5 23. Rf3 Nd5 24. Qd6 Qd2 25. Qxe5 Ne3 26. Rg3 Bg4 27. Qe4 g6 28. h3 Bf5 29.
Qxd4 Nc2 30. Qc4 Nxa1 31. Bxf5 Kg7 32. Qc7 1-0

[Event "FIDE Grand Swiss 2023"]
[Site "Villa Marina, Douglas, Isle of Man, Isle Of Man"]
[Date "2023.11.05"]
[Round "11.10"]
[White "Kuzubov, Yuriy"]
[Black "Abdusattorov, Nodirbek"]
[Result "0-1"]
[TimeControl "40/90 + 30 + 30s/move"]
[WhiteFideId "14112906"]
[BlackFideId "14204118"]
[WhiteElo "2625"]
[BlackElo "2716"]

1. d4 d5 2. c4 dxc4 3. Nf3 Nf6 4. e3 e6 5. Bxc4 a6 6. O-O c5 7. dxc5 Bxc5 8. Qxd8+ Kxd8 9. Bd2 Ke7 10.
Rc1 Nbd7 11. Be2 Bd6 12. Nd4 Ne5 13. Na3 Bd7 14. f4 Nc6 15. Nxc6+ Bxc6 16. Nc4 Bc5 17. Ne5 Rhd8 18. Nxc6+ bxc6 19.
Rxc5 Rxd2 20. Bf3 Rc8 21. Rb1 Nd5 22. Bxd5 exd5 23. Ra5 c5 24. Rxa6 c4 25. Rb6 Kd7 26. Rc1 Re8 27. Rb7+ Kd6 28.
Rb6+ Kc5 29. Rb3 Re6 30. f5 Ra6 31. Rb7 Rxa2 32. Rxf7 g6 33. fxg6 Raxb2 34. g7 Rxg2+ 35. Kf1 Rg6 36.
Ra1 Rxh2 37. Rc7+ Kb6 38. Rc6+ Rxc6 39. g8=Q Rh1+ 40. Ke2 Rxa1 41. Qxd5 Ra2+ 42. Kf3 Ra6 43. Qd4+ Kb7 44. Qc3 Rf6+ 45.
Ke4 Rac6 46. Kd5 Rfd6+ 47. Ke5 Rd3 48. Qb4+ Kc8 49. Qf8+ Rd8 50. Qa3 Rdd6 51. Qa8+ Kd7 52. Qb7+ Rc7 53.
Qb5+ Rdc6 54. Kd4 c3 55. Qf5+ Ke8 56. Qe5+ Kd8 57. Qh8+ Kd7 58. Qxh7+ Kc8 59. Qg8+ Kb7 60. Qb3+ Ka7 61.
Qa2+ Ra6 62. Qc2 Rd6+ 63. Ke4 Rcc6 64. Kf5 Rd5+ 65. Kf4 Rb5 66. e4 Kb6 67. e5 Rb2 68. Qc1 Rb4+ 69. Kf3 c2 70.
e6 Rc3+ 71. Kf2 Rb1 72. e7 Rxc1 73. e8=Q Rf1+ 74. Kg2 Rf2+ 75. Kxf2 c1=Q 76. Qb8+ Ka5 0-1

[Event "FIDE Grand Swiss 2023"]
[Site "Villa Marina, Douglas, Isle of Man, Isle Of Man"]
[Date "2023.11.05"]
[Round "11.11"]
[White "Wojtaszek, Radoslaw"]
[Black "Sevian, Samuel"]
[Result "1/2-1/2"]
[TimeControl "40/90 + 30 + 30s/move"]
[WhiteFideId "1118358"]
[BlackFideId "2040506"]
[WhiteElo "2668"]
[BlackElo "2698"]

1. d4 Nf6 2. c4 e6 3. Nf3 d5 4. g3 Bb4+ 5. Bd2 a5 6. Bg2 O-O 7. Qc2 c5 8. cxd5 cxd4 9. Nxd4 Qb6 10.
e3 exd5 11. a3 Bxd2+ 12. Nxd2 Nc6 13. N2f3 Bg4 14. O-O Nxd4 15. Nxd4 Rfc8 16. Qb3 Qxb3 17. Nxb3 Rc2 18. Rab1 Bh5 19.
Nd4 Rd2 20. Nb3 Rc2 21. Nd4 Rd2 22. Nb3 Rc2 1/2-1/2

[Event "FIDE Grand Swiss 2023"]
[Site "Villa Marina, Douglas, Isle of Man, Isle Of Man"]
[Date "2023.11.05"]
[Round "11.12"]
[White "Sindarov, Javokhir"]
[Black "Artemiev, Vladislav"]
[Result "1-0"]
[TimeControl "40/90 + 30 + 30s/move"]
[WhiteFideId "14205483"]
[BlackFideId "24101605"]
[WhiteElo "2658"]
[BlackElo "2697"]

1. e4 e5 2. Nf3 Nc6 3. Bb5 Nf6 4. d3 d6 5. O-O Be7 6. c3 O-O 7. Re1 a6 8. Ba4 Re8 9. h3 b5 10.
Bc2 Bf8 11. Bg5 h6 12. Bh4 Bb7 13. a4 Nb8 14. Nbd2 Nbd7 15. b4 c5 16. bxc5 dxc5 17. d4 cxd4 18. cxd4 g5 19. Bg3 exd4 20.
e5 Nh5 21. Bh2 d3 22. Bxd3 Nc5 23. Bb1 Rc8 24. axb5 axb5 25. Qe2 Ne6 26. Ne4 Nef4 27. Qxb5 Qd5 28. Qf1 Qe6 29. g4 Bb4 30.
Ba2 Qg6 31. gxh5 Qf5 32. Nf6+ Kf8 33. Bxf4 Bxe1 34. Nxe1 gxf4 35. Qd3 Qxd3 36. Nxd3 Red8 37. Nxf4 Rc5 38. Bd5 Bxd5 39. Rd1 Rc3 40.
N6xd5 Rc4 41. e6 Re4 42. Ra1 fxe6 43. Ng6+ Kg7 44. Ra7+ 1-0

[Event "FIDE Grand Swiss 2023"]
[Site "Villa Marina, Douglas, Isle of Man, Isle Of Man"]
[Date "2023.11.05"]
[Round "11.13"]
[White "Fedoseev, Vladimir"]
[Black "Anton Guijarro, David"]
[Result "1/2-1/2"]
[TimeControl "40/90 + 30 + 30s/move"]
[WhiteClock "00:10:03"]
[BlackClock "00:00:47"]
[WhiteFideId "24130737"]
[BlackFideId "2285525"]
[WhiteElo "2691"]
[BlackElo "2653"]

1. d4 d5 2. c4 e6 3. Nf3 dxc4 4. e3 Nf6 5. Bxc4 c5 6. O-O Nc6 7. Re1 Be7 8. dxc5 Qxd1 9. Rxd1 Bxc5 10.
a3 O-O 11. b4 Be7 12. Bb2 b6 13. Nbd2 Bb7 14. Kf1 Rfd8 15. Ke2 Rac8 16. h3 h6 17. Rac1 Kf8 18. g4 Bd6 19. Bd3 Be7 20.
Bc4 Bd6 21. Bd3 Be7 22. Bb5 Rd5 23. Bc4 Rdd8 24. Rg1 Nd7 25. Rc2 Bf6 26. Bxf6 Nxf6 27. Rgc1 Nb8 28. Ne5 Ne8 29. f4 Nd6 30.
Bd3 Rxc2 31. Rxc2 Rc8 32. Rxc8+ Bxc8 33. e4 Ke7 34. Ndf3 Bb7 35. Ke3 Nd7 36. h4 Nxe5 37. Nxe5 Ne8 38.
a4 Nf6 39. Kd4 Nd7 40. Nc4 f6 41. g5 hxg5 42. hxg5 Bc6 43. b5 Bb7 44. Bc2 a6 45. Bd1 axb5 46. axb5 Ba8 47. Bg4 Bb7 48.
g6 Ba8 49. Ke3 Bb7 50. Bh3 Ba8 51. f5 e5 52. Bg2 Kd8 53. Bf3 Kc7 54. Bd1 Bb7 55. Bc2 Bc8 56. Nb2 Bb7 57. Na4 Nc5 58.
Nc3 Kd6 59. Bb1 Nb3 60. Ba2 Nd4 61. Bc4 Kc5 62. Bf1 Kb4 63. Na2+ Kb3 64. Nc1+ Kc3 65. Na2+ Kb2 66. Nb4 Kb3 67.
Nd3 Nc2 68. Kf3 Nd4 69. Ke3 Nc2 70. Kf3 Nd4 71. Ke3 Nc2 1/2-1/2

[Event "FIDE Grand Swiss 2023"]
[Site "Villa Marina, Douglas, Isle of Man, Isle Of Man"]
[Date "2023.11.05"]
[Round "11.14"]
[White "Ter-Sahakyan, Samvel"]
[Black "Sarana, Alexey"]
[Result "1/2-1/2"]
[TimeControl "40/90 + 30 + 30s/move"]
[WhiteClock "00:02:25"]
[BlackClock "00:39:12"]
[ReferenceTime "W/2023-11-05T20:31:28.984Z"]
[WhiteFideId "13302531"]
[BlackFideId "24133795"]
[WhiteElo "2618"]
[BlackElo "2682"]

1. e4 c5 2. Nf3 d6 3. d4 cxd4 4. Nxd4 Nf6 5. Nc3 a6 6. h3 e5 7. Nf3 Be7 8. g4 h6 9. Rg1 Nc6 10.
g5 hxg5 11. Nxg5 Nd4 12. Bc4 Ng4 13. Nxf7 Nxf2 14. Nxd8 Nxd1 15. Kxd1 Bxd8 16. Rxg7 Rxh3 17. Rg8+ Kd7 18. Ne2 Bf6 19.
Nxd4 exd4 20. Ke2 Rh2+ 21. Kd3 Be5 22. Bg5 Kc6 23. Rg1 Rh3+ 24. Kd2 Rh2+ 25. Kd3 Rh3+ 26. Kd2 Rh2+ 27. Kc1 Kb6 28.
a4 Ka7 29. a5 Bh3 30. Bd8 Rc8 31. Bb6+ Kb8 32. Kb1 Rf2 33. Rxc8+ Kxc8 34. Rg8+ Kd7 35. Rb8 Bf1 36. Rxb7+ Kc8 37.
Rc7+ Kb8 38. Be6 d3 39. Rc8+ Kb7 40. Rc7+ Kb8 41. Rc8+ Kb7 42. Bxf2 d2 43. Bg4 Bh3 44. Be2 Bf1 45. Bg4 Bh3 46. Bd1 Kxc8 47. Be3 Bg2 48.
Be2 Kb7 49. Bxd2 Bxe4 50. Be3 d5 51. Bb6 Bf6 52. Kc1 Be5 53. c3 Bf4+ 54. Kd1 Bg5 55. b4 Bb1 56. b5 axb5 57. Bxb5 Bf5 58.
Bd4 Bc8 59. Kc2 Bd8 60. a6+ Kb8 61. Kb3 Be7 62. Ka4 Bd8 63. Kb4 Be7+ 64. Ka4 Bd8 65. Be2 Bd7+ 66. Kb4 Be7+ 67. Kb3 Bc8 68.
Ka4 Bd7+ 69. Bb5 Bc8 70. Ka5 Bd8+ 71. Kb4 Be7+ 72. Bc5 Bd8 73. Bf1 Bf6 74. Bd4 Bxd4 75. cxd4 Ka7 76. Kc5 Be6 77.
Bd3 Bf7 78. Kc6 Be6 79. Bf1 Bf7 80. Be2 Be6 81. Kd6 Bf7 82. Ke5 Kb6 83. Kf6 Bg8 84. Bd3 Ka7 85. Ke7 Kb6 86. Be2 Bh7 87.
Ke6 Be4 88. Kd6 Bg2 89. Bb5 Bf3 90. Bf1 Be4 91. Ke5 Ka7 92. Bb5 Kb6 93. Be2 Ka7 94. Kd6 Kb6 95. Bb5 Bf3 96. Bc6 Kxa6 97.
Bxd5 Bh5 98. Kc6 Be8 99. Kc7 Kb5 100. Bb3 Bc6 101. Bc4+ Kxc4 102. Kxc6 Kxd4 1/2-1/2

[Event "FIDE Grand Swiss 2023"]
[Site "Villa Marina, Douglas, Isle of Man, Isle Of Man"]
[Date "2023.11.05"]
[Round "11.15"]
[White "Firouzja, Alireza"]
[Black "Yakubboev, Nodirbek"]
[Result "1/2-1/2"]
[TimeControl "40/90 + 30 + 30s/move"]
[WhiteFideId "12573981"]
[BlackFideId "14203987"]
[WhiteElo "2777"]
[BlackElo "2616"]

1. e4 e5 2. Nf3 Nc6 3. Bb5 a6 4. Ba4 Nf6 5. O-O Nxe4 6. d4 b5 7. Bb3 d5 8. dxe5 Be6 9. Nbd2 Nc5 10.
c3 Be7 11. Bc2 d4 12. Nb3 dxc3 13. Nxc5 Bxc5 14. Be4 Qd7 15. Bg5 h6 16. Qc2 hxg5 17. Rad1 Nb4 18. Qxc3 Bxf2+ 19. Kxf2 Nd5 20.
Qc5 c6 21. Nxg5 Qa7 22. Rc1 Qxc5+ 23. Rxc5 Rc8 24. Kg3 Ke7 25. Rfc1 Kd7 26. Bf3 Ne7 27. b3 Rh6 28. Be4 Bd5 29.
Bxd5 Nxd5 30. h4 Rg6 31. Kf3 Rh6 32. g3 Rhh8 33. Kg2 Rhf8 34. Kh3 f6 35. e6+ Ke7 36. Nf3 Rfd8 37. Nd4 Nf4+ 38.
gxf4 Rxd4 39. Rxc6 Rxc6 40. Rxc6 Rxf4 41. Rxa6 g5 42. hxg5 fxg5 43. Kg3 Re4 44. Rb6 Re2 45. Rxb5 Rxa2 46.
Rxg5 Kxe6 1/2-1/2

[Event "FIDE Grand Swiss 2023"]
[Site "Villa Marina, Douglas, Isle of Man, Isle Of Man"]
[Date "2023.11.05"]
[Round "11.16"]
[White "Aravindh, Chithambaram Vr."]
[Black "Yu, Yangyi"]
[Result "1/2-1/2"]
[TimeControl "40/90 + 30 + 30s/move"]
[WhiteFideId "5072786"]
[BlackFideId "8603820"]
[WhiteElo "2649"]
[BlackElo "2720"]

1. e4 c5 2. Nf3 d6 3. d4 cxd4 4. Nxd4 Nf6 5. Nc3 a6 6. Rg1 h5 7. Bg5 Nc6 8. Qd2 Nxd4 9. Qxd4 Qa5 10.
Bd2 e5 11. Qd3 Qc5 12. Be3 Qa5 13. Bd2 Qc5 14. Be3 Qa5 15. Bd2 Qc5 1/2-1/2

[Event "FIDE Grand Swiss 2023"]
[Site "Villa Marina, Douglas, Isle of Man, Isle Of Man"]
[Date "2023.11.05"]
[Round "11.17"]
[White "Harikrishna, Pentala"]
[Black "Yilmaz, Mustafa"]
[Result "0-1"]
[TimeControl "40/90 + 30 + 30s/move"]
[WhiteFideId "5007003"]
[BlackFideId "6302718"]
[WhiteElo "2716"]
[BlackElo "2640"]

1. d4 Nf6 2. c4 e6 3. Nf3 d5 4. Nc3 Bb4 5. e3 O-O 6. Bd2 b6 7. Rc1 Bb7 8. cxd5 exd5 9. a3 Be7 10.
g3 c5 11. Bg2 Nc6 12. O-O Rc8 13. Re1 Ne4 14. Ne2 Re8 15. dxc5 bxc5 16. Nf4 Bf6 17. Qc2 g5 18. Qb3 Rb8 19.
Nxd5 Ne5 20. Nxe5 Bxd5 21. Qa4 Rxe5 22. Ba5 Qc8 23. Qc2 g4 24. b4 Qc6 25. Red1 h5 26. Rxd5 Qxd5 27. Bc7 Rbe8 28.
Bxe5 Qxe5 29. Bxe4 Qxe4 30. Qxe4 Rxe4 31. Rxc5 Re5 32. Rc4 Kg7 33. Kg2 Kg6 34. h3 Kf5 35. Rf4+ Kg5 36. Rc4 Re7 37.
a4 Be5 38. Rc8 Rc7 39. Ra8 Bc3 40. Rb8 gxh3+ 41. Kxh3 Be1 42. f4+ Kf6 43. e4 Rc3 44. e5+ Kg7 45. Rb7 Rxg3+ 46. Kh2 Re3 47.
b5 Bg3+ 48. Kg2 Bxf4 49. e6 Rxe6 50. Rxa7 Re3 51. Rd7 h4 52. Rd4 h3+ 53. Kf2 h2 0-1

[Event "FIDE Grand Swiss 2023"]
[Site "Villa Marina, Douglas, Isle of Man, Isle Of Man"]
[Date "2023.11.05"]
[Round "11.18"]
[White "Saric, Ivan"]
[Black "Nihal, Sarin"]
[Result "1/2-1/2"]
[TimeControl "40/90 + 30 + 30s/move"]
[WhiteFideId "14508150"]
[BlackFideId "25092340"]
[WhiteElo "2647"]
[BlackElo "2694"]

1. e4 e5 2. Nf3 Nc6 3. Bc4 Bc5 4. Nc3 Nf6 5. d3 h6 6. O-O O-O 7. h3 d6 8. Na4 Bb6 9. a3 Bd7 10.
Nxb6 axb6 11. Re1 Re8 12. c3 Be6 13. Bb5 Bd7 14. a4 Ne7 15. Be3 Ng6 16. Bxd7 Qxd7 17. c4 Nh7 18. b3 f5 19.
exf5 Qxf5 20. d4 e4 21. Nd2 Nf6 22. Nf1 Nh4 23. Ng3 Qg6 24. d5 Re7 25. Bd4 Rf8 26. Ra2 h5 27. Re3 Nxg2 28.
Kxg2 h4 29. Bxf6 Rxf6 30. Qh5 hxg3 31. Qxg6 Rxg6 32. fxg3 Rg5 33. h4 Rge5 34. Kh3 g6 35. Kg4 Kg7 36. Rf2 Re8 37. Rf1 R8e7 38.
b4 Re8 39. b5 Ra8 40. Rf4 Rae8 41. Kh3 R8e7 42. g4 c6 43. bxc6 bxc6 44. dxc6 Rc7 45. g5 Rxc6 46. Rexe4 Rxe4 47.
Rxe4 Rc7 48. Kg4 Ra7 49. h5 Rxa4 50. h6+ Kh7 51. Re7+ Kh8 52. Rg7 Rxc4+ 53. Kf3 Rc3+ 54. Kf4 Rc4+ 55.
Ke3 Rc3+ 56. Kd4 Rc5 57. Rxg6 b5 58. Ke4 b4 59. Kf4 b3 60. Rxd6 Rb5 61. Rd8+ Kh7 62. Rd7+ Kh8 1/2-1/2

[Event "FIDE Grand Swiss 2023"]
[Site "Villa Marina, Douglas, Isle of Man, Isle Of Man"]
[Date "2023.11.05"]
[Round "11.19"]
[White "Najer, Evgeniy"]
[Black "Tabatabaei, M. Amin"]
[Result "1/2-1/2"]
[TimeControl "40/90 + 30 + 30s/move"]
[WhiteFideId "4118987"]
[BlackFideId "12521213"]
[WhiteElo "2648"]
[BlackElo "2685"]

1. e4 c6 2. d4 d5 3. e5 c5 4. Nf3 cxd4 5. Qxd4 Nc6 6. Qf4 e6 7. Nc3 Bd7 8. a3 Nge7 9. Bd3 Ng6 10.
Qg3 Qb8 11. Bxg6 hxg6 12. O-O Ne7 13. Re1 Nf5 14. Qf4 Be7 15. Qg4 Qc7 16. Bg5 Bc5 17. Qf4 Qb6 18. Qd2 Rc8 19. Rab1 a5 20.
Na2 Qa7 21. Nc1 Bb6 22. Nd3 Rc4 23. b3 Rg4 24. a4 Bc6 25. Bf4 Bd8 26. h3 Rxh3 27. Nh2 Rxh2 28. Kxh2 Be7 29. b4 g5 30.
Bg3 axb4 31. Nxb4 Bxa4 32. c3 Qc5 33. Nc2 b5 34. Ne3 Nxe3 35. Rxe3 Rc4 36. Rd3 Kd7 37. Rf3 Qc8 38. Rxf7 Qe8 39.
Rxe7+ Qxe7 40. Rb4 Rc8 41. Rg4 Rh8+ 42. Kg1 Qa3 43. f3 Rh5 44. Be1 Qa1 45. Kf2 Rh1 46. Rxg5 Bb3 47. Rxg7+ Kc6 48.
Qe3 Bc4 49. Rc7+ Kxc7 50. Qc5+ Kb8 51. Qb6+ Ka8 52. Qc6+ Kb8 53. Qb6+ Ka8 54. Qc6+ 1/2-1/2

[Event "FIDE Grand Swiss 2023"]
[Site "Villa Marina, Douglas, Isle of Man, Isle Of Man"]
[Date "2023.11.05"]
[Round "11.20"]
[White "Narayanan.S.L"]
[Black "Matlakov, Maxim"]
[Result "1/2-1/2"]
[TimeControl "40/90 + 30 + 30s/move"]
[WhiteFideId "5058422"]
[BlackFideId "4168003"]
[WhiteElo "2651"]
[BlackElo "2674"]

1. d4 Nf6 2. c4 e6 3. Nf3 d5 4. Nc3 Be7 5. Bf4 O-O 6. a3 c5 7. dxc5 Bxc5 8. e3 Nc6 9. cxd5 Nxd5 10.
Nxd5 exd5 11. Bd3 Bd6 12. Bxd6 Qxd6 13. O-O Qf6 14. b4 Bg4 15. Be2 Rfd8 16. b5 Ne5 17. Nd4 Bxe2 18. Qxe2 a6 19.
Rfd1 g6 20. h3 axb5 21. Qxb5 Qa6 22. Rdb1 Rd7 23. a4 h5 24. Nb3 Rd6 25. Rd1 Rad8 26. Nc5 Qxb5 27. axb5 Rb6 28. Rab1 f5 29.
Rd4 Nc6 30. Ra4 d4 31. Raa1 Ne5 32. exd4 Nf7 33. Rb4 Rd5 34. Ra8+ Nd8 35. Rc8 Kg7 36. Rc7+ Kh6 37. h4 Rbd6 38.
Nxb7 Nxb7 39. Rxb7 Rxd4 40. Rxd4 Rxd4 41. g3 f4 42. Kg2 fxg3 43. fxg3 Rb4 44. Kf3 Rb3+ 45. Kf4 Rb4+ 46. Ke5 Rb3 47.
Kd5 Rxg3 48. Re7 g5 49. hxg5+ Kg6 50. b6 Rb3 51. b7 h4 52. Kc6 h3 53. Re8 h2 54. Rh8 Rc3+ 55. Kd7 Rb3 1/2-1/2

[Event "FIDE Grand Swiss 2023"]
[Site "Villa Marina, Douglas, Isle of Man, Isle Of Man"]
[Date "2023.11.05"]
[Round "11.21"]
[White "Sargsyan, Shant"]
[Black "Niemann, Hans Moke"]
[Result "1/2-1/2"]
[TimeControl "40/90 + 30 + 30s/move"]
[WhiteFideId "13306766"]
[BlackFideId "2093596"]
[WhiteElo "2631"]
[BlackElo "2667"]

1. d4 Nf6 2. Nf3 g6 3. c4 Bg7 4. g3 O-O 5. Bg2 d6 6. Nc3 Nbd7 7. O-O e5 8. h3 Re8 9. e4 exd4 10.
Nxd4 Nc5 11. Re1 h6 12. Nb3 Ne6 13. Kh2 a5 14. Be3 a4 15. Nd2 a3 16. b4 Nd7 17. Rc1 Ne5 18. Bf1 c5 19.
b5 Nd4 20. f4 Nd7 21. Nf3 Nxf3+ 22. Qxf3 Nb6 23. f5 Qf6 24. g4 g5 25. Bf2 Nd7 26. Bg3 Ne5 27. Qf2 b6 28. Re3 Bb7 29.
Rd1 Kh8 30. Be2 Qe7 31. h4 Bf6 32. h5 Kh7 33. Kh3 Red8 34. Qe1 Rd7 35. Qd2 Qd8 36. Rb1 Ra5 37. Rd1 Qa8 38. Qc2 Ra7 39.
Rd2 Kg7 1/2-1/2

[Event "FIDE Grand Swiss 2023"]
[Site "Villa Marina, Douglas, Isle of Man, Isle Of Man"]
[Date "2023.11.05"]
[Round "11.22"]
[White "Petrosyan, Manuel"]
[Black "Volokitin, Andrei"]
[Result "1/2-1/2"]
[TimeControl "40/90 + 30 + 30s/move"]
[WhiteFideId "13300857"]
[BlackFideId "14107090"]
[WhiteElo "2604"]
[BlackElo "2664"]

1. e4 c5 2. Nf3 d6 3. d4 cxd4 4. Nxd4 Nf6 5. Nc3 a6 6. Bd3 g6 7. f3 Qb6 8. a3 Nc6 9. Be3 e5 10.
Nf5 Qd8 11. Nh6 d5 12. exd5 Nxd5 13. Nxd5 Qxd5 14. Be4 Qxd1+ 15. Rxd1 Be6 16. g4 Rc8 17. h4 f5 18. gxf5 Bxh6 19.
Bxh6 gxf5 20. Bd3 Nd4 21. Kf2 Nxf3 22. Kxf3 e4+ 23. Bxe4 fxe4+ 24. Kxe4 Rxc2 25. Rc1 Rxc1 26. Rxc1 Kd7 27. Bf4 Rc8 28. Rxc8 Kxc8 29. h5 Bf7 30. h6 Kd7 31.
Ke5 Kc6 32. Kd4 1/2-1/2